Map: [ESL] Pride of Altaris

Players

Reynor - Winner!

  • Race: Zerg Zerg

Scarlett

  • Race: Zerg Zerg

Event: IEM Katowice 2022

VOD

https://www.youtube.com/watch?v=6q6Jv_huYzw

Description

Time

  • Played on: Feb. 25, 2022, 3:44 p.m.
  • Length: 3:34

All games in this series

Show
View Real Time Build Order
Export as new Build Order

Reynor Zerg - Winner!

Build Orders: Pool First 

Get SALT Encoding   

  12  0:00  Drone  
  13  0:11  Overlord  
  13  0:16  Drone  
  14  0:30  Drone x2  
  14  0:34  Drone  
  17  0:44  Drone, Extractor  
  17  0:49  Spawning Pool  
  16  0:55  Drone  
  17  1:05  Drone  
  18  1:17  Hatchery  
  17  1:21  Drone  
  18  1:36  Queen, Zergling x2  
  21  1:44  Metabolic Boost  
  21  1:49  Overlord  
  21  1:54  Zergling x2  
  22  2:08  Drone  
  22  2:09  Baneling Nest  
  22  2:10  Zergling x2  
  23  2:17  Queen  
  23  2:21  Zergling x2  
  26  2:30  Zergling x2  
  26  2:32  Zergling x2  
  28  2:41  Zergling x2  
  28  2:43  Zergling x2  
  30  2:45  Zergling x6  
  33  2:52  Baneling x2  
  33  2:53  Baneling x2  
  33  2:54  Zergling x2  
  34  3:01  Overlord  
  34  3:03  Zergling x2  
  35  3:07  Zergling x2  
  35  3:10  Baneling  
Show
View Real Time Build Order
Export as new Build Order

Scarlett Zerg 

Build Orders: Hatch First 

Get SALT Encoding   

  12  0:00  Drone  
  13  0:08  Drone  
  14  0:18  Drone, Extractor  
  14  0:22  Drone, Extractor  
  16  0:40  Extractor  
  15  0:54  Hatchery  
  14  0:58  Spawning Pool  
  14  1:01  Drone  
  14  1:10  Overlord  
  14  1:15  Extractor  
  14  1:18  Drone  
  15  1:28  Drone  
  16  1:44  Metabolic Boost, Queen  
  18  1:47  Zergling x2  
  19  2:01  Zergling x2  
  19  2:05  Queen  
  22  2:09  Zergling x2  
  23  2:18  Zergling x2  
  24  2:25  Zergling x2  
  24  2:26  Zergling x2  
  26  2:31  Drone  
  26  2:36  Overlord  
  27  2:37  Zergling x2  
  28  2:55  Zergling x12  
  34  3:06  Zergling x2  
  34  3:08  Overlord  

Tags
 
Add a new tag
Caveats
  • Supply blocks, unpowered buildings, or Contaminate may cause inaccurate times.
  • Supply counts are checked every 10 seconds.